 Dungeon Crawl Stone Soup version 0.29.0-7-g18a832c13a (webtiles) character file.

Game seed: 9278624950131259735

1009 SensoryNuts the Carver (level 8, -5/68 HPs)
             Began as a Minotaur Fighter on Aug 31, 2022.
             Killed from afar by an electric eel (10 damage)
             ... with a bolt of electricity
             ... on level 6 of the Dungeon.
             The game lasted 00:05:54 (5122 turns).

SensoryNuts the Carver (Minotaur Fighter)           Turns: 5122, Time: 00:05:55

Health: -5/68      AC: 10    Str: 21    XL:     8   Next: 1%
Magic:  7/7        EV: 10    Int:  5    God:
Gold:   227        SH:  5    Dex: 12    Spells: 7/7 levels left

rFire   . . .      SeeInvis +   a - +2 long sword
rCold   . . .      Faith    .   c - +0 buckler
rNeg    + . .      Spirit   .   b - +0 scale mail
rPois   .          Reflect  .   (helmet restricted)
rElec   .          Harm     .   u - +0 cloak
rCorr   .          Rampage  .   (no gloves)
Will    .....                   t - +0 pair of boots
Stlth   ..........              (no amulet)
HPRegen 0.21/turn               n - ring "Iklamm" {rN+ Slay+3 SInv}
MPRegen 0.10/turn               s - ring of flight

@: flying
A: horns 2, retaliatory headbutt
a: no special abilities


You were on level 6 of the Dungeon.
You visited 2 branches of the dungeon, and saw 7 of its levels.

You collected 227 gold pieces.

Inventory:

Hand Weapons
 a - a +2 long sword (weapon)
Armour
 b - a +0 scale mail (worn)
 c - a +0 buckler (worn)
 t - a +0 pair of boots (worn)
 u - a +0 cloak (worn)
Jewellery
 g - a ring of protection from cold
 n - the ring "Iklamm" (left hand) {rN+ Slay+3 SInv}
   (You found it on level 3 of the Dungeon)

   [ring of see invisible]

   Slay:      It affects your accuracy & damage with ranged weapons and melee
   (+3).
   rN:        It protects you from negative energy.
   SInv:      It lets you see invisible.
 s - a ring of flight (right hand)
Wands
 i - a wand of flame (9) (quivered)
 p - a wand of digging (8)
Scrolls
 d - 2 scrolls of identify
 l - a scroll of teleportation
 q - a scroll of poison
 w - 2 scrolls of immolation
Potions
 e - a potion of lignification {unknown}
 f - 2 potions of curing
 h - a potion of ambrosia {unknown}
 j - a potion of berserk rage
 k - 2 potions of resistance {unknown}
 m - 3 potions of heal wounds {unknown}
 o - a potion of haste
 r - 2 potions of invisibility {unknown}
 v - 3 potions of attraction {unknown}


   Skills:
 + Level 5.1 Fighting
 * Level 8.5 Long Blades
 + Level 6.2 Armour
 + Level 1.9 Dodging
 + Level 0.6 Stealth
 + Level 4.6 Shields


You had 7 spell levels left.
You didn't know any spells.
Your spell library contained the following spells:

 Spells                   Type           Power      Damage    Failure   Level
 Magic Dart               Conj           0%         1d3       86%         1
 Call Imp                 Summ           0%         N/A       95%         2
 Mephitic Cloud           Conj/Pois/Air  0%         N/A       99%         3


Dungeon Overview and Level Annotations

Branches:
Dungeon (6/15)             Temple (1/1) D:4

Altars:
Ashenzari
Cheibriados
Elyvilon
Fedhas
Gozag
Hepliaklqana
Kikubaaqudgha
Nemelex Xobeh
Okawaru
Ru
Sif Muna
Trog
Uskayaw
Vehumet
Xom
Yredelemnul
Zin
The Shining One

Shops:
D:1 :


Innate Abilities, Weirdness & Mutations

You have a pair of horns on your head.
You reflexively headbutt those who attack you in melee.


Message History

You hit the shadow imp.
The shadow imp is severely wounded.
You block the shadow imp's attack.
You slash the shadow imp!
You kill the shadow imp!
No target in view!
k - 2 clear potions (gained 1)
The electric eel shoots out a bolt of lightning at you!
The bolt of electricity hits you.
An electric eel is nearby!
An electric eel is nearby!
An electric eel is nearby!
An electric eel is nearby!
An electric eel comes into view.
The electric eel shoots out a bolt of lightning at you!
The bolt of electricity hits the plant!
The plant begins to die.
The bolt of electricity hits you!
An electric eel comes into view.
Found a red potion.
The electric eel shoots out a bolt of lightning at you!
The bolt of electricity hits you!
The puff of flame misses the electric eel.
The puff of flame hits the plant.
The plant begins to die.
The plant is lightly damaged.
The electric eel shoots out a bolt of lightning at you!
The bolt of electricity hits you.
The electric eel shoots out a bolt of lightning at you!
The bolt of electricity hits the plant!
The bolt of electricity hits the electric eel.
The electric eel completely resists.
The bolt of electricity hits you! The bolt of electricity misses you.
The electric eel is engulfed in a cloud of scalding steam.
The electric eel shoots out a bolt of lightning at you!
The bolt of electricity hits you!
* * * LOW HITPOINT WARNING * * *
The bolt of electricity hits you.
* * * LOW HITPOINT WARNING * * *
The electric eel shoots out a bolt of lightning at you!
The bolt of electricity hits you!
You die...

... .~. ≈P~! ≈≈SP.
############# ##≈P§PP
.....##.....# ##..S§≈≈≈
............# #....P~P≈
............####@.....~S
.......................~
......................~~
..>.................#.~~
....................# .S
..............###.### ~
♣..............# .#
P≈≈≈...
♣....##.....##...##
P≈≈≈.~. ♣♣.#####.....
... ≈≈≈≈P..#


You could see 4 electric eels.

Vanquished Creatures
  The ghost of BigDaddyOpFi the Chopper, an amateur HOMo (D:4)
  A black bear (D:6)
  An ogre (D:5)
  A phantom (D:5)
  A scorpion (D:5)
  Crazy Yiuf (D:5)
  2 orc priests
  3 hounds
  A jelly (D:5)
  2 iguanas
  2 orc wizards (D:6)
  8 gnolls
  5 adders
  A shadow imp (D:6)
  A white imp (D:5)
  3 worms
  3 dart slugs
  18 orcs
  5 ball pythons
  2 bats
  8 endoplasms
  A giant cockroach (D:1)
  8 goblins
  9 hobgoblins
  3 jackals (D:1)
  3 kobolds
  3 quokkas
  6 frilled lizards
  5 rats
108 creatures vanquished.

Vanquished Creatures (others)
  2 withered plants (D:4)
2 creatures vanquished.

Grand Total: 110 creatures vanquished

Notes
Turn   | Place    | Note
-------+----------+-------------------------------------------
     0 | D:1      | SensoryNuts the Minotaur Fighter began the quest for the
                  | Orb.
     0 | D:1      | Reached XP level 1. HP: 19/19 MP: 0/0
    93 | D:1      | Reached XP level 2. HP: 27/27 MP: 1/1
   134 | D:1      | Reached skill level 3 in Long Blades
   141 | D:1      | Found Mepoejar's Book Shop.
   425 | D:1      | Reached XP level 3. HP: 31/33 MP: 2/2
  1617 | D:3      | Identified the ring "Iklamm" {rN+ Slay+3 SInv}
  1673 | D:3      | Reached XP level 4. HP: 34/40 MP: 3/3
  1915 | D:3      | Found a basalt altar of Yredelemnul.
  1916 | D:3      | Found a hazy altar of Hepliaklqana.
  1916 | D:3      | Found a snail-covered altar of Cheibriados.
  1916 | D:3      | Found a glowing silver altar of Zin.
  2143 | D:3      | Reached skill level 4 in Long Blades
  2395 | D:4      | Found a staircase to the Ecumenical Temple.
  2425 | D:4      | Reached skill level 5 in Long Blades
  2425 | D:4      | Reached XP level 5. HP: 19/46 MP: 4/4
  2427 | D:4      | Reached skill level 1 in Dodging
  2604 | D:4      | Found a runed translucent door.
  2604 | D:4      | Noticed BigDaddyOpFi's ghost (amateur HOMo)
  3018 | Temple   | Entered the Ecumenical Temple
  3421 | D:4      | Killed BigDaddyOpFi's ghost
  3422 | D:4      | Reached skill level 6 in Long Blades
  3422 | D:4      | Reached XP level 6. HP: 21/53 MP: 5/5
  3632 | D:5      | Entered Level 5 of the Dungeon
  3641 | D:5      | Reached skill level 5 in Armour
  3973 | D:5      | Reached skill level 7 in Long Blades
  4044 | D:5      | Found a white marble altar of Elyvilon.
  4066 | D:5      | Reached XP level 7. HP: 59/60 MP: 6/6
  4447 | D:5      | Found a runed translucent door.
  4448 | D:5      | Noticed Crazy Yiuf
  4549 | D:5      | Killed Crazy Yiuf
  4929 | D:6      | Reached skill level 8 in Long Blades
  5028 | D:6      | Reached skill level 5 in Fighting
  5106 | D:6      | Reached XP level 8. HP: 68/68 MP: 7/7
  5122 | D:6      | Killed from afar by an electric eel

Illustrated notes

Levels and vault maps discovered:
D:1:      evilmike_arrival_fibonacci_small, layout_basic, serial_shops,
          nicolae_shop_behind_doors
D:2:      layout_loops_ring, minmay_tromino_v4_a
D:3:      layout_basic, chequers_temple_overflow_statue_of_worship
D:4:      layout_loops_ring, minmay_temple_entry_grid, gammafunk_ghost_grave
D:5:      layout_cave_pools, elyvilon_altar_1, minmay_misc_feat_pillars,
          uniq_crazy_yiuf_cottage
D:6:      layout_rooms, mainiacjoe_overflow_tiny_flanked, nrook_campfire,
          chequers_big_river, uniq_sigmund
Temple:   cyrus_circular_temple

Skill      XL: |  1  2  3  4  5  6  7 |
---------------+----------------------+-----
Long Blades    | 3 5 6 7 8 |  8.5
Shields        | 4 |  4.6
Armour         | 4 5 6 |  6.2
Fighting       | 4 5 |  5.1
Dodging        | 1 |  1.9
Stealth        | |  0.6

Action                   |  1- 3 |  4- 6 |  7- 9 || total
-------------------------+-------+-------+-------++-------
Melee: Long sword        |   102 |    83 |    51 ||   236
       Headbutt          |    12 |    17 |     8 ||    37
Evoke: Wand              |       |       |     2 ||     2
  Use: Scroll            |     3 |     7 |       ||    10
       Potion            |       |     4 |     1 ||     5
Armor: Scale mail        |    52 |    33 |    20 ||   105
Dodge: Dodged            |    45 |    29 |    21 ||    95
Block: Buckler           |    18 |    12 |    14 ||    44
